[Event "*** Titled Tuesday 3|2 Blitz"]
[Site "Chess.com"]
[Date "2016.01.05"]
[Round "2"]
[White "LePlusMortel"]
[Black "Imre91"]
[Result "1-0"]
[WhiteElo "2465"]
[BlackElo "2529"]
[TimeControl "180+2"]
[EndTime "11:20:30 PST"]
[Termination "LePlusMortel won by resignation"]

1. Nf3 g6 2. d4 Bg7 3. c4 Nf6 4. Nc3 d5 5. Bg5 Ne4 6. cxd5 Nxg5 7. Nxg5 e6 8. Qd2 h6 9. Nh3 exd5 10. Qe3+ Kf8 11.
Nf4 c6 12. Qd2 Nd7 13. e3 Nf6 14. Bd3 a5 15. O-O h5 16. Qc2 Bh6 17. Nfe2 h4 18. h3 Kg7 19. Rab1 Re8 20. a3 Be6 21. b4 axb4 22. axb4 Qd7 23. Kh2 Qd6+ 24. Kh1 b5 25. Rfc1 Bd7 26. Ng1 g5 27. Bf5 g4 28. hxg4 Nxg4 29. Bxg4 Bxg4 30. Nce2 Re6 31. Nh3 Bxh3 32. gxh3 Rg6 33. Qf5 Re8 34. Rg1 Re6 35. Rxg6+ Rxg6 36. Ng1 Bg5 37. Nf3 Qf6 38. Qxf6+ Bxf6 39. Rc1 Be7 40. Ne5 Re6 41. Nxc6 Bd6 42. Na7 Bxb4 43. Nxb5 Rg6 44. Nc7 Rg5 45. Rg1 Kf6 46. Rxg5 Kxg5 47. Nxd5 Ba5 48.
Kg2 f5 49. Kf3 Be1 50. Nf4 Ba5 51. Nd3 Bc7 52. e4 fxe4+ 53. Kxe4 Kf6 54. f4 Bb8 55. Ne5 Bd6 56. Nf3 1-0

[Event "*** Titled Tuesday 3|2 Blitz"]
[Site "Chess.com"]
[Date "2016.01.05"]
[Round "2"]
[White "BellJackson95"]
[Black "ER404"]
[Result "0-1"]
[WhiteElo "2264"]
[BlackElo "2138"]
[TimeControl "180+2"]
[EndTime "11:20:50 PST"]
[Termination "ER404 won by resignation"]

1. e4 c5 2. Nf3 Nc6 3. d4 cxd4 4. c3 Nf6 5. e5 Nd5 6. cxd4 d6 7. Bc4 Nb6 8. Bb3 dxe5 9. d5 Na5 10. Nc3 Bg4 11.
Bc2 e6 12. Ba4+ Ke7 13. b4 Nac4 14. Qe2 exd5 15. h3 Bxf3 16. Qxf3 f6 17. O-O Kf7 18. a3 Nxa4 19. Nxa4 Qd7 20. Nc3 e4 21. Qe2 Ne5 22. Rd1 Nd3 23. f3 f5 24. fxe4 dxe4 25. Bg5 Qd4+ 26. Kh2 Bd6+ 27. Kh1 Nf2+ 28. Kg1 Nxd1+ 0-1

[Event "*** Titled Tuesday 3|2 Blitz"]
[Site "Chess.com"]
[Date "2016.01.05"]
[Round "2"]
[White "jk13"]
[Black "chessdude"]
[Result "0-1"]
[WhiteElo "2276"]
[BlackElo "2303"]
[TimeControl "180+2"]
[EndTime "11:20:51 PST"]
[Termination "chessdude won by resignation"]

1. e4 e5 2. Nf3 Nc6 3. Bc4 Bc5 4. c3 Nf6 5. d3 O-O 6. O-O d5 7. exd5 Nxd5 8. Re1 Bg4 9. h3 Bh5 10. Nbd2 Nb6 11.
Bb5 Bd6 12. Ne4 Re8 13. Ng3 Bg6 14. a4 a6 15. Bxc6 bxc6 16. Bg5 f6 17. Be3 Nd5 18. Nh4 Nxe3 19. fxe3 Bf7 20. Qf3 Bf8 21. d4 exd4 22. exd4 Qd5 23. Qg4 g6 24. Ne4 Bg7 25. Nc5 f5 26.
Qf4 Qd6 27. g3 Qxf4 28. gxf4 Bh6 29. Ng2 a5 30. Kf2 Bd5 31. Rxe8+ Rxe8 32. Re1 Rxe1 33. Nxe1 Bxf4 34. Nb7 Bc1 35. Nd3 Bg5 36. Nxa5 f4 37. Ne5 Bh4+ 38. Ke2 c5 39. dxc5 Bf6 40. Nf3 g5 41.
Nd4 h5 42. Nac6 g4 43. hxg4 hxg4 44. Nb4 f3+ 45. Ke3 Bg5+ 46. Kf2 Bh4+ 47. Ke3 f2 48. Nxd5 f1=Q 49. b4 Bf2+ 50. Ke4 Bxd4 51. Kxd4 g3 0-1

[Event "*** Titled Tuesday 3|2 Blitz"]
[Site "Chess.com"]
[Date "2016.01.05"]
[Round "2"]
[White "GargleBlaster"]
[Black "jup1978"]
[Result "1-0"]
[WhiteElo "2259"]
[BlackElo "2217"]
[TimeControl "180+2"]
[EndTime "11:20:55 PST"]
[Termination "GargleBlaster won by resignation"]

1. e4 e6 2. d4 d5 3. Nc3 Bb4 4. exd5 exd5 5. Bd3 Nf6 6. Ne2 O-O 7. O-O c6 8. Bg5 Re8 9. h3 Nbd7 10. Ng3 Nf8 11.
Nf5 Bxf5 12. Bxf5 Ng6 13. Qf3 h6 14. Bxg6 fxg6 15. Bf4 Bd6 16. Rfe1 Qd7 17. Bxh6 Ne4 18. Nxe4 dxe4 19. Qb3+ Qf7 20. Qxf7+ Kxf7 21. Bg5 Rac8 22.
Re2 Re6 23. Rae1 Rce8 24. f3 exf3 25. Rxe6 Rxe6 26. Rxe6 Kxe6 27. gxf3 Kd5 28. Kf2 a5 29. Ke3 b5 30. Kd3 a4 31. b3 axb3 32. axb3 b4 33. Bd2 Be7 34. Bf4 Bf8 35. Be5 c5 36. Ke3 c4 37.
Kf4 cxb3 38. cxb3 Be7 39. Bxg7 Bd6+ 40. Be5 Be7 41. Kg4 Bd8 42. h4 Be7 43. f4 Ke4 44.
Bh8 Bd8 45. Bg7 Be7 46. Be5 Bd8 47. Bd6 Kxd4 48. Bxb4 Ke4 49. Bd6 Kd5 50. Be5 Be7 51. Bc3 Ke4 52. Bg7 Bd6 53. Kg5 Bxf4+ 54. Kxg6 Kd3 55. h5 Ke4 56. h6 Bxh6 57. Bxh6 Kd5 58. Bf8 Kc6 59. b4 Kd5 60. Kf5 Kc4 61. Ke4 Kb5 1-0

[Event "*** Titled Tuesday 3|2 Blitz"]
[Site "Chess.com"]
[Date "2016.01.05"]
[Round "2"]
[White "pedromartinez91"]
[Black "chess960now"]
[Result "0-1"]
[WhiteElo "2043"]
[BlackElo "1981"]
[TimeControl "180+2"]
[EndTime "11:20:55 PST"]
[Termination "chess960now won by resignation"]

1. d4 d5 2. c4 c6 3. cxd5 cxd5 4.
Nc3 Nf6 5. Bf4 Nc6 6. e3 Bf5 7. Nf3 e6 8. Be2 Be7 9. O-O h6 10. Ne5 O-O 11. Qa4 Nxe5 12. Bxe5 a6 13. Rfc1 Rc8 14.
Qb3 Qd7 15. Na4 Rxc1+ 16. Rxc1 Rc8 17. Rc3 Ne4 18. Nb6 Rxc3 19. bxc3 Qc6 20. g4 Nxc3 21. gxf5 Nxe2+ 22. Kf1 Nc1 23. Qb1 exf5 24. a4 Bd8 25. Na8 Qc4+ 26. Kg2 b5 27. axb5 axb5 28. Qxf5 Nd3 29.
Qg4 Nxe5 30. dxe5 Qxg4+ 31. Kf1 Qd1+ 32. Kg2 b4 33. e6 fxe6 0-1

[Event "*** Titled Tuesday 3|2 Blitz"]
[Site "Chess.com"]
[Date "2016.01.05"]
[Round "2"]
[White "Cats4Sale"]
[Black "GMCanty"]
[Result "0-1"]
[WhiteElo "2196"]
[BlackElo "2215"]
[TimeControl "180+2"]
[EndTime "11:20:59 PST"]
[Termination "GMCanty won on time"]

1. e4 c5 2. Nc3 g6 3. g3 Bg7 4.
Bg2 Nc6 5. d3 d6 6. Be3 Nf6 7.
h3 O-O 8. Nge2 e5 9. O-O Nd4 10. f4 Ne8 11. Bf2 Nc7 12. Nxd4 cxd4 13. Ne2 f5 14. c3 dxc3 15. bxc3 Rb8 16. Bxa7 Ra8 17. Be3 Be6 18. Qd2 d5 19. exf5 Bxf5 20. fxe5 Bxe5 21. Bd4 Qd6 22. g4 Be6 23. Rxf8+ Rxf8 24. Rf1 Rxf1+ 25. Kxf1 Bf7 26. Bxe5 Qxe5 27. Qf4 Qe7 28. Nd4 Na6 29. Kf2 Nc5 30. Qe3 Qf6+ 31. Ke2 Qa6 32. Qd2 Qa3 33. Bf1 Na4 34. Nb3 Qe7+ 35. Kd1 Qf6 36. Ke1 Nxc3 37.
d4 Ne4 38. Qe3 Qb6 39. Bd3 Qb4+ 40. Kf1 Qc3 0-1

[Event "*** Titled Tuesday 3|2 Blitz"]
[Site "Chess.com"]
[Date "2016.01.05"]
[Round "2"]
[White "bugsbunny444"]
[Black "Fandorine"]
[Result "0-1"]
[WhiteElo "2357"]
[BlackElo "2532"]
[TimeControl "180+2"]
[EndTime "11:21:15 PST"]
[Termination "Fandorine won on time"]

1. Nf3 g6 2. e4 Bg7 3. d4 d6 4. Nc3 Nf6 5. h3 O-O 6. Be3 a6 7. a4 Nc6 8. Be2 e6 9. O-O b6 10. Qd2 Re8 11. Bg5 Bb7 12. Rad1 Ne7 13. Qf4 Nd7 14. Bh6 Nc6 15. Bxg7 Kxg7 16. e5 d5 17. Ng5 Rf8 18. h4 h6 19. Nh3 Nb4 20.
Rd2 c5 21. Nd1 cxd4 22. Qxd4 Nc6 23. Qf4 Ndxe5 24. c4 d4 25. b4 d3 26. Re1 Qf6 27. Qxf6+ Kxf6 28. Bf1 Nxb4 29. Nb2 Rad8 30. f4 Nd7 31. Nf2 Nc5 32. Red1 Rd4 33. g3 Rfd8 34.
Ng4+ Kg7 35. Kf2 Ne4+ 36. Ke3 Nc2+ 0-1

[Event "*** Titled Tuesday 3|2 Blitz"]
[Site "Chess.com"]
[Date "2016.01.05"]
[Round "2"]
[White "stefanodinn"]
[Black "Krutoy123"]
[Result "0-1"]
[WhiteElo "2152"]
[BlackElo "2349"]
[TimeControl "180+2"]
[EndTime "11:21:17 PST"]
[Termination "Krutoy123 won by checkmate"]

1. e4 c5 2. Nf3 e6 3. d4 cxd4 4. Nxd4 a6 5. Bd3 Bc5 6. Nb3 Be7 7. O-O Nc6 8. c4 Nf6 9. Nc3 O-O 10. Kh1 b6 11.
Bg5 Bb7 12. f4 d6 13. Qf3 Qc7 14. Rac1 Nb4 15. Be2 h6 16. Bxf6 Bxf6 17. a3 Nc6 18. Nd5 exd5 19. cxd5 Qd7 20. dxc6 Bxc6 21. Rc2 Rfe8 22.
Nd2 Qb7 23. Bd3 Ba4 24. b3 Bb5 25. Rfc1 Rec8 26. a4 Rxc2 27. Rxc2 Bc6 28. h3 b5 29. axb5 axb5 30. Kh2 g5 31. fxg5 Be5+ 32. g3 hxg5 33. Qg4 f6 34. Nf3 Bd7 35. Qh5 Be6 36. Nxe5 dxe5 37.
b4 Kg7 38. Qe2 Rh8 39. Bxb5 Bxh3 40. Kg1 Qb6+ 41. Rc5 Ra8 42. Kh2 Be6 43. Rc6 Rh8+ 44. Kg2 Bh3+ 45. Kf3 g4# 0-1

[Event "*** Titled Tuesday 3|2 Blitz"]
[Site "Chess.com"]
[Date "2016.01.05"]
[Round "2"]
[White "ftorodent"]
[Black "wilju"]
[Result "1-0"]
[WhiteElo "2331"]
[BlackElo "1824"]
[TimeControl "180+2"]
[EndTime "11:21:19 PST"]
[Termination "ftorodent won on time"]

1. d4 d5 2. c4 c6 3. Nf3 Nf6 4. Nc3 e6 5. e3 Bb4 6. Bd3 O-O 7.
O-O Nbd7 8. Qc2 a6 9. Bd2 b6 10. Nxd5 cxd5 11. Bxb4 dxc4 12. Bxf8 cxd3 13. Qc6 Ra7 14.
Bd6 Bb7 15. Qc1 Ne4 16. Bg3 a5 17. Rd1 Ba6 18. Qc6 Ndf6 19. Rac1 h6 20. Bc7 Qd5 21. Bxb6 Rb7 22. Bd8 Rxb2 23. Qxa6 Rxf2 24. Qxa5 Qd6 25.
Bc7 Qd7 26. Rxd3 1-0

[Event "*** Titled Tuesday 3|2 Blitz"]
[Site "Chess.com"]
[Date "2016.01.05"]
[Round "2"]
[White "AvitalBor"]
[Black "Quiet_Desperation"]
[Result "1-0"]
[WhiteElo "2334"]
[BlackElo "2132"]
[TimeControl "180+2"]
[EndTime "11:21:19 PST"]
[Termination "AvitalBor won by resignation"]

1. e4 e6 2. d4 d5 3. e5 c5 4. c3 Nc6 5. Nf3 Bd7 6. a3 f6 7.
Bd3 Qc7 8. O-O O-O-O 9. Bf4 c4 10. Bc2 h6 11. Bg3 f5 12. Nbd2 g5 13. h4 Be8 14.
hxg5 hxg5 15. Nxg5 Qg7 16. f4 Qh6 17. Ndf3 Bh5 18.
Kf2 Be7 19. Qb1 Bxg5 20. Nxg5 Qg6 21. Nxe6 Nh6 22. Nxd8 Rg8 23. Kg1 Qxg3 24. Rf2 Bf3 25. Bxf5+ Kxd8 26. Qf1 Bg4 27. Bh7 Bf5 28. Rf3 Qg7 29.
Bxg8 Qxg8 30. Qf2 Be4 31. Rg3 Ng4 32. Qe2 Bf5 33. e6 Ne7 34. Qe5 Qg6 35. Qd6+ Ke8 36. Qb8+ 1-0

[Event "*** Titled Tuesday 3|2 Blitz"]
[Site "Chess.com"]
[Date "2016.01.05"]
[Round "2"]
[White "TomsKantans"]
[Black "jbj"]
[Result "0-1"]
[WhiteElo "2313"]
[BlackElo "2301"]
[TimeControl "180+2"]
[EndTime "11:21:21 PST"]
[Termination "jbj won by resignation"]

1. e4 d6 2. d4 Nf6 3. Nc3 e5 4. Nf3 Nbd7 5. Bc4 Be7 6. O-O O-O 7. Re1 a6 8. a4 b6 9. Ba2 Bb7 10. Nh4 Nxe4 11. Nf5 Nxc3 12. bxc3 Bg5 13. Qg4 h6 14. h4 Nf6 15. Qg3 Nh5 16. Qg4 Nf6 17. Qg3 Nh5 18. Bxg5 Nxg3 19. Bxd8 Nxf5 20. Bxc7 exd4 21. Bxb6 dxc3 22. h5 Rfe8 23. f3 Ng3 24.
Kf2 Nxh5 25. Rad1 Rxe1 26. Rxe1 Bc6 27. Re7 Kh8 28. a5 Nf4 29. Rc7 Bd5 30. Bxd5 Nxd5 31.
Rc6 Kg8 32. Bd4 Nb4 33. Rxc3 Kf8 34. Ke3 Nd5+ 35. Kd3 Nxc3 36. Bxc3 g6 37. Kc4 Rc8+ 38. Kb4 Ke7 0-1

[Event "*** Titled Tuesday 3|2 Blitz"]
[Site "Chess.com"]
[Date "2016.01.05"]
[Round "2"]
[White "Anton_Demchenko"]
[Black "ZEN-22"]
[Result "1-0"]
[WhiteElo "2678"]
[BlackElo "2410"]
[TimeControl "180+2"]
[EndTime "11:21:23 PST"]
[Termination "Anton_Demchenko won by checkmate"]

1. e4 e6 2. d4 Ne7 3. c3 d5 4. e5 c5 5. Bd3 Nbc6 6. Nf3 Nf5 7. O-O cxd4 8. Bxf5 exf5 9. cxd4 Be7 10. Nc3 Be6 11. Ne2 g5 12. Ne1 f4 13. Bd2 b5 14.
Rc1 Qb6 15. Nc2 b4 16. Be1 a5 17. Kh1 Bf5 18. f3 a4 19. b3 axb3 20. axb3 Ra2 21.
Bf2 Qb5 22. Ng1 Bxc2 23. Rxc2 Rxc2 24. Qxc2 Qxf1 25. Qxc6+ Kf8 26. Qc8+ Kg7 27. Qd7 Kf8 28. Qc8+ Kg7 29. Qd7 Bd8 30. e6 Rf8 31. e7 Bxe7 32.
Qxe7 h6 33. Be1 Qa6 34. Bxb4 Rc8 35. Qe5+ f6 36. Qe1 Rc6 37. Qe7+ Kg6 38. Qe8+ Kf5 39. Qd7+ Re6 40. Qxd5+ Kg6 41. h4 Re8 42. Kh2 Qd3 43.
Nh3 Re2 44. Qg8+ Kh5 45. Nxf4+ Kxh4 46. Nxd3 h5 47. Be1+ Rxe1 48. g3# 1-0

[Event "*** Titled Tuesday 3|2 Blitz"]
[Site "Chess.com"]
[Date "2016.01.05"]
[Round "2"]
[White "GianmarcoVaR"]
[Black "MapleDanish"]
[Result "1-0"]
[WhiteElo "2302"]
[BlackElo "2075"]
[TimeControl "180+2"]
[EndTime "11:21:25 PST"]
[Termination "GianmarcoVaR won by resignation"]

1. d4 d5 2. Nf3 Nf6 3. c4 e6 4.
g3 Be7 5. Bg2 O-O 6. O-O dxc4 7.
Qc2 a6 8. Qxc4 b5 9. Qc2 Bb7 10. Bd2 Be4 11. Qc1 Bb7 12. Qc2 Be4 13. Qc1 Bb7 14. Rd1 Ra7 15. Bf4 Bd6 16. Nc3 Bxf4 17. Qxf4 Nbd7 18. Ne5 Bxg2 19. Kxg2 Qa8+ 20. f3 c5 21.
Nxd7 Nxd7 22. d5 b4 23. Na4 exd5 24. Qd6 Qe8 25. Kf2 d4 26. Nxc5 Qe3+ 27. Kf1 Re8 28. Ne4 Nf6 29. Qxd4 Qxd4 30. Rxd4 Nxe4 31. fxe4 Rae7 32.
Rc1 a5 33. Rc5 g6 34. Rxa5 Rxe4 35. Rxe4 Rxe4 36. Ra4 f5 37. a3 bxa3 38. Rxe4 fxe4 39. bxa3 1-0

[Event "*** Titled Tuesday 3|2 Blitz"]
[Site "Chess.com"]
[Date "2016.01.05"]
[Round "2"]
[White "AdrianaNikolova"]
[Black "Danirod"]
[Result "0-1"]
[WhiteElo "2179"]
[BlackElo "2383"]
[TimeControl "180+2"]
[EndTime "11:21:31 PST"]
[Termination "Danirod won by resignation"]

1. e4 c5 2. Nf3 g6 3. d4 cxd4 4. Nxd4 Bg7 5. Nc3 Nc6 6. Be3 Nf6 7.
Bc4 Qa5 8. O-O O-O 9. Be2 d6 10. f4 Bd7 11. Bf3 Rac8 12. Kh1 Nxd4 13. Bxd4 Bc6 14. Bg1 b5 15. a3 Rfd8 16. Qe2 a6 17. Rad1 Qc7 18. Rd2 Nd7 19. Bd4 Qb7 20. Bxg7 Kxg7 21.
Nd5 Nc5 22. f5 Re8 23. Qe3 Nd7 24. Qg5 f6 25. Qg3 Ne5 26. h4 Bxd5 27. exd5 Rc4 28. b3 Rc3 29. Qf4 Rec8 30. Rff2 Qb6 31. Be4 Qe3 32. Qxe3 Rxe3 33. Rd4 Re1+ 34. Kh2 Ng4+ 35.
Kg3 Nxf2 36. Kxf2 Rxe4 37. Rxe4 Rxc2+ 38. Kg1 Kf7 39. fxg6+ hxg6 40. Re3 Rc5 41. h5 gxh5 42. Rh3 Rxd5 43. Rc3 Rc5 44. Rh3 a5 45. b4 axb4 46. axb4 Re5 47. Ra3 Re4 48. Rh3 h4 49. Kh2 Rxb4 50.
Rc3 Rc4 51. Rb3 b4 52. Rb2 e5 53. Kh3 Ke6 54. Rb1 d5 55. Ra1 b3 56. Ra6+ Kf5 57.
Rb6 Rc3+ 58. Kxh4 d4 59. g4+ Ke4 60. Rxf6 b2 61. Rb6 Rc2 62. g5 d3 63. g6 Rg2 64. g7 Rxg7 65. Rb4+ Ke3 66. Rxb2 d2 0-1

[Event "*** Titled Tuesday 3|2 Blitz"]
[Site "Chess.com"]
[Date "2016.01.05"]
[Round "2"]
[White "RitchieBlackmore"]
[Black "gumersindo"]
[Result "0-1"]
[WhiteElo "2426"]
[BlackElo "2287"]
[TimeControl "180+2"]
[EndTime "11:21:32 PST"]
[Termination "gumersindo won by resignation"]

1. d4 d5 2. Nc3 Nf6 3. Bg5 e6 4.
e4 dxe4 5. Nxe4 Nbd7 6. Nf3 Be7 7. Nxf6+ Bxf6 8. Be3 b6 9. Bd3 Bb7 10. c3 Qe7 11.
Qc2 g6 12. Be4 Bxe4 13. Qxe4 O-O 14. O-O-O c5 15. dxc5 Nxc5 16. Qc2 Rad8 17. Kb1 Qc7 18. h4 Rxd1+ 19. Rxd1 Rd8 20. h5 Rxd1+ 21. Qxd1 Qc6 22. hxg6 hxg6 23. Bd4 Qe4+ 24. Qc2 Bxd4 25. cxd4 Qxc2+ 26. Kxc2 Ne4 27. Ne5 Nxf2 28. Nc6 Ng4 29. Kd3 a5 30. a4 Kf8 31. Na7 Nf6 32. Nc8 Nd5 33. Kc4 f5 34.
Kd3 g5 35. Ke2 g4 36. Na7 Ke7 37. Nc6+ Kd6 38. Ne5 Nf4+ 39. Kf1 Kd5 40. Nd7 Nd3 41. Nxb6+ Kxd4 42. b3 Nc5 43. Na8 Nxb3 44. Nc7 e5 45. Ne6+ Ke3 46. Ng7 f4 47. Nf5+ Kd3 48. Nd6 e4 49. Nb7 e3 50. Ke1 f3 51. gxf3 gxf3 52.
Nd6 f2+ 53. Kf1 Nd2+ 54. Kg2 f1=Q+ 55. Kh2 0-1

[Event "*** Titled Tuesday 3|2 Blitz"]
[Site "Chess.com"]
[Date "2016.01.05"]
[Round "2"]
[White "Boryboy"]
[Black "BahadirOzen"]
[Result "1-0"]
[WhiteElo "2512"]
[BlackElo "2468"]
[TimeControl "180+2"]
[EndTime "11:21:41 PST"]
[Termination "Boryboy won by resignation"]

1. d4 d5 2. Nf3 Nf6 3. c4 e6 4.
g3 Be7 5. Bg2 O-O 6. O-O dxc4 7.
Ne5 Nc6 8. Bxc6 bxc6 9. Nxc6 Qe8 10. Nxe7+ Qxe7 11. Qa4 e5 12. dxe5 Qxe5 13. Qxc4 Be6 14. Qd3 Rad8 15. Qe3 Qh5 16. f3 Bh3 17. Re1 Rfe8 18.
Qf2 c5 19. Nc3 c4 20. Bf4 Be6 21. Rad1 Qa5 22. a3 Nd5 23. Bd2 Nxc3 24. Bxc3 Qc7 25. Qe3 Bd5 26. Qg5 f6 27. Bxf6 Qb6+ 28. Bd4 Qg6 29.
Qxg6 hxg6 30. Bxa7 Be6 31. Bd4 g5 32. Bc3 g4 33. Kf2 Kf7 34. f4 Rxd1 35. Rxd1 Rh8 36. Kg1 Bf5 37. Rd5 Kg6 38. Bxg7 Re8 39. Be5 c3 40.
bxc3 Ra8 41. Rd6+ Kh7 42. Rf6 Be4 43. Bd6 Rc8 44. Bb4 Rd8 45. Rd6 Re8 46. Kf2 Bf5 47. Rd5 Kg6 48. a4 Rh8 49. Kg1 Re8 50. Re5 Rd8 51.
e4 Rd1+ 52. Kf2 Bc8 53. Rg5+ Kf7 54. f5 Ba6 55. Rxg4 Rd2+ 56. Ke3 Rxh2 57. Rg6 Bb7 58.
Rb6 Bc8 59. Rc6 Rh8 60. Rc7+ Kf6 61. Bc5 1-0

[Event "*** Titled Tuesday 3|2 Blitz"]
[Site "Chess.com"]
[Date "2016.01.05"]
[Round "2"]
[White "PowerThinking2650"]
[Black "the_drake"]
[Result "0-1"]
[WhiteElo "2069"]
[BlackElo "2005"]
[TimeControl "180+2"]
[EndTime "11:21:44 PST"]
[Termination "the_drake won on time"]

1. e4 e5 2. Nf3 Nc6 3. d4 exd4 4.
Nxd4 Nf6 5. Nxc6 bxc6 6. e5 Qe7 7. Qe2 Nd5 8. c4 Ba6 9. b3 g6 10. Bb2 Bg7 11. Nd2 O-O 12. O-O-O Rfe8 13. Nf3 Nb4 14. a3 Nd5 15. Qd2 Nb6 16. a4 Rad8 17. a5 Nc8 18. h4 d6 19. exd6 cxd6 20. Bxg7 Kxg7 21. h5 Kg8 22.
hxg6 fxg6 23. Bd3 Qg7 24. Kb1 Ne7 25. Ng5 Rb8 26. Ka2 h5 27. g4 d5 28. gxh5 dxc4 29.
Bxc4+ Bxc4 30. bxc4 Qe5 31. hxg6 Qc5 32. Qc3 Nxg6 33.
Rh8+ Nxh8 34. Rd7 Qxg5 0-1

[Event "*** Titled Tuesday 3|2 Blitz"]
[Site "Chess.com"]
[Date "2016.01.05"]
[Round "2"]
[White "oskariot"]
[Black "ajkom197"]
[Result "1-0"]
[WhiteElo "2341"]
[BlackElo "2204"]
[TimeControl "180+2"]
[EndTime "11:21:48 PST"]
[Termination "oskariot won by resignation"]

1. e4 c6 2. d4 d5 3. e5 Bf5 4. Nd2 e6 5. Nb3 Nd7 6. Nf3 Ne7 7. Be2 c5 8. Nxc5 Nxc5 9. dxc5 Qa5+ 10. c3 Qxc5 11.
O-O Nc6 12. Be3 Qa5 13. Qb3 Qc7 14. Rac1 Be7 15. c4 dxc4 16. Rxc4 O-O 17. Qc3 Rac8 18. Rc1 Qb8 19. Kh1 Rcd8 20. a3 h6 21. h3 Rd5 22.
Bf4 Rfd8 23. b4 Bf8 24. Qb2 Ne7 25. Nd4 Ng6 26. Bg3 Rxe5 27. Nf3 Rxe2 28. Qxe2 Bd6 29. Bxd6 Qxd6 30. Rd4 Qe7 31. Qd2 Rxd4 32. Qxd4 b6 33. Qc3 Be4 34. Qe3 Bd5 35. Nd2 Qf6 36. Kh2 Qb2 37. Qc3 Qa2 38. Rc2 Nf4 39. Rxa2 Bxa2 40. Qc8+ Kh7 41. Qc2+ 1-0

[Event "*** Titled Tuesday 3|2 Blitz"]
[Site "Chess.com"]
[Date "2016.01.05"]
[Round "2"]
[White "TheLancer"]
[Black "MinhGTrAn"]
[Result "0-1"]
[WhiteElo "2384"]
[BlackElo "2595"]
[TimeControl "180+2"]
[EndTime "11:21:49 PST"]
[Termination "MinhGTrAn won by resignation"]

1. e4 c5 2. Nc3 Nc6 3. f4 d6 4. Nf3 g6 5. Bc4 Bg7 6. f5 Na5 7. Bb5+ Bd7 8. Bxd7+ Qxd7 9. d3 gxf5 10. O-O Nf6 11. Nh4 fxe4 12. Nf5 Rg8 13. dxe4 O-O-O 14. Bg5 Bh8 15. Bh4 Nc4 16. Qe2 Ne5 17. Bxf6 Bxf6 18.
Nd5 Bg5 19. h4 e6 20. hxg5 exd5 21. exd5 Rxg5 22. Qe4 Rdg8 23. Rf2 f6 24. Raf1 R8g6 25. Ne3 Qg7 26. Nf5 Qf8 27. Ne3 Kc7 28. b3 Ng4 29.
Nxg4 Rxg4 30. Qe2 Qg7 31. Re1 Kb6 32. a4 a6 33. Rd1 Ka7 34. Rd2 h5 35. Qe3 h4 36.
Qh3 Qh6 37. a5 Qg5 38. b4 Rxb4 39. Qd7 Rb1+ 40. Rf1 Qxd2 0-1

[Event "*** Titled Tuesday 3|2 Blitz"]
[Site "Chess.com"]
[Date "2016.01.05"]
[Round "2"]
[White "Iball95"]
[Black "Keranke"]
[Result "0-1"]
[WhiteElo "2395"]
[BlackElo "2610"]
[TimeControl "180+2"]
[EndTime "11:21:51 PST"]
[Termination "Keranke won by checkmate"]

1. e4 g6 2. d4 Bg7 3. Nc3 d6 4. Nf3 a6 5. a4 b6 6. Be2 Bb7 7. O-O Nd7 8. Re1 e6 9. Be3 Ngf6 10. h3 Nxe4 11. Nxe4 Bxe4 12. Qd2 O-O 13. Rad1 Bb7 14. c3 Nf6 15. Bg5 Qd7 16. Nh2 Ne4 17. Qc1 Nxg5 18.
Qxg5 h6 19. Qe3 Qxa4 20. Bd3 Qd7 21. Rd2 Qd8 22. f4 c5 23. dxc5 bxc5 24. Qg3 d5 25. Rde2 Qc7 26. Rxe6 fxe6 27. Qxg6 Rxf4 28. Ng4 Kf8 29. Qh7 Qf7 30. Bg6 Qg8 31. Qxg8+ Kxg8 32. Rxe6 Bc8 33. Re8+ Rf8 34. Re7 Bxg4 35. hxg4 Rab8 36. Rd7 d4 37. cxd4 Bxd4+ 38. Kh2 Rxb2 39. Bh7+ Kh8 40. Be4 Bg7 41. Rc7 Be5+ 42. Kh3 Bxc7 43. g5 hxg5 44. Kg4 Rf4+ 45. Kh5 Rxe4 46. g4 c4 47. Kg6 c3 48.
Kh5 c2 49. Kg6 c1=Q 50. Kh5 Rxg4 51. Kg6 Qf4 52. Kh5 Rh4+ 53. Kg6 Rb6# 0-1

[Event "*** Titled Tuesday 3|2 Blitz"]
[Site "Chess.com"]
[Date "2016.01.05"]
[Round "2"]
[White "APL2001"]
[Black "Grootneus"]
[Result "1-0"]
[WhiteElo "2028"]
[BlackElo "2002"]
[TimeControl "180+2"]
[EndTime "11:21:57 PST"]
[Termination "APL2001 won by checkmate"]

1. e4 c5 2. Nf3 Nc6 3. d4 cxd4 4. Nxd4 Nf6 5. Nc3 e5 6. Ndb5 d6 7. Bg5 a6 8. Na3 b5 9. Nd5 Be7 10. Bxf6 Bxf6 11. c3 Ne7 12. Nxf6+ gxf6 13. Nc2 Bb7 14. Bd3 d5 15. exd5 Nxd5 16. Be4 f5 17. Bxd5 Qxd5 18. Qxd5 Bxd5 19. Ne3 Be6 20. O-O f4 21. Nc2 O-O-O 22. Rfe1 f6 23. Nd4 Bg4 24. Nb3 Bh5 25. f3 Rd5 26. Rad1 Rhd8 27. Rxd5 Rxd5 28. Kf2 Bg6 29.
Ke2 Bd3+ 30. Kf2 Bc4 31. g3 fxg3+ 32. hxg3 Kc7 33. f4 Kb6 34. fxe5 fxe5 35. Ke3 a5 36.
Nc1 Rd6 37. b3 Bf7 38. Nd3 e4 39. Ne5 Bd5 40. c4 Bb7 41. Rh1 Re6 42. Rh5 bxc4 43. Nxc4+ Ka6 44. Rxa5# 1-0

[Event "*** Titled Tuesday 3|2 Blitz"]
[Site "Chess.com"]
[Date "2016.01.05"]
[Round "2"]
[White "Gergo85"]
[Black "kikydu96"]
[Result "1-0"]
[WhiteElo "2354"]
[BlackElo "2242"]
[TimeControl "180+2"]
[EndTime "11:22:06 PST"]
[Termination "Gergo85 won by resignation"]

1. e4 e5 2. Nf3 Nc6 3. Nc3 Nf6 4. d4 exd4 5. Nxd4 Bb4 6. Nxc6 bxc6 7. Bd3 d5 8. exd5 cxd5 9. O-O O-O 10. h3 c6 11. Qf3 Re8 12. Bf4 Bd6 13. Rfe1 Be6 14. Na4 Rb8 15. b3 Rb4 16. Bd2 Rb7 17. Be3 Rbe7 18.
Bc5 Ne4 19. Bxd6 Nxd6 20. Qg3 Bf5 21. Rxe7 Qxe7 22. Bxf5 Nxf5 23. Qd3 Qe4 24. Qxe4 Rxe4 25. Kf1 Nd4 26. c3 Nb5 27. Re1 f5 28. f3 Rxe1+ 29.
Kxe1 Kf7 30. Kd2 Ke6 31. Nc5+ Kd6 32. b4 Na3 33. f4 h6 34. Nd3 Nc4+ 35. Ke2 g5 36. a4 Nb6 37. a5 Na4 38. Kd2 c5 39.
fxg5 hxg5 40. g3 c4 41. Ne1 g4 42. h4 Ke5 43. Ng2 d4 44. cxd4+ Kxd4 45. h5 Ke5 46. h6 Kf6 47. Nf4 a6 48. Kc2 Kf7 49. Kd2 Kf6 50.
Ke3 c3 51. Kd3 Kf7 52. Kc2 Kf6 53. Kb3 Nb2 54. Kxc3 Nd1+ 55. Kd4 Nf2 56. b5 axb5 57. a6 b4 58. a7 1-0

[Event "*** Titled Tuesday 3|2 Blitz"]
[Site "Chess.com"]
[Date "2016.01.05"]
[Round "2"]
[White "ruifeng"]
[Black "IMRosen"]
[Result "1-0"]
[WhiteElo "2250"]
[BlackElo "2204"]
[TimeControl "180+2"]
[EndTime "11:22:13 PST"]
[Termination "ruifeng won by resignation"]

1. e4 c5 2. Nc3 e6 3. g3 a6 4. a4 Nc6 5. Bg2 Nf6 6. d3 d5 7. f4 Rb8 8. e5 Ng8 9. Nf3 h5 10. h3 Nh6 11. O-O Nf5 12. Ne2 Be7 13. c3 b5 14. axb5 axb5 15. g4 hxg4 16. hxg4 Nh4 17.
Nxh4 Rxh4 18. Ng3 Bb7 19. Qe2 b4 20. f5 Bg5 21. fxe6 fxe6 22. Qf2 Nxe5 23. Qf8+ Kd7 24.
Qxg7+ Be7 25. Qxe5 Rxg4 26. Bf4 Ra8 27. Rxa8 Bxa8 28.
Ra1 Bb7 29. Bh3 Rg6 30. Ra7 Kc6 31. Bxe6 Kb6 32. Ra1 Bd6 33. Qxd6+ Qxd6 34. Bxd6 Rxe6 35. Bf4 d4 36. cxd4 cxd4 37. Kf2 Ba6 38. Ne2 Rf6 39. Rd1 Kc5 40. Kf3 Bb7+ 41. Kg4 Bc8+ 42. Kf3 Bb7+ 43.
Kg3 Kd5 44. Rh1 Rg6+ 45. Kf2 Ba6 46. Rh5+ Kc6 47. Nxd4+ Kb6 48. Ke3 Rg2 49. Rh2 Rg1 50. Rh6+ Kb7 51. Nb3 Bb5 52. Nc5+ Kc8 53. Rh8+ 1-0

[Event "*** Titled Tuesday 3|2 Blitz"]
[Site "Chess.com"]
[Date "2016.01.05"]
[Round "2"]
[White "LittlePeasant"]
[Black "Colombiano07"]
[Result "0-1"]
[WhiteElo "2276"]
[BlackElo "2145"]
[TimeControl "180+2"]
[EndTime "11:22:26 PST"]
[Termination "Colombiano07 won by resignation"]

1. Nf3 Nf6 2. c4 d6 3. g3 e5 4.
Bg2 Be7 5. Nc3 O-O 6. d4 Nbd7 7. O-O c6 8. e4 Qc7 9. h3 a6 10. Qc2 b5 11. Rd1 Bb7 12. b3 Rfe8 13. Bb2 Bf8 14.
Rac1 exd4 15. Nxd4 b4 16. Nce2 c5 17. Nf5 Bxe4 18.
Bxe4 Rxe4 19. Nf4 Rae8 20. Nd5 Nxd5 21. Rxd5 Re2 22. Rd2 Rxd2 23. Qxd2 Ne5 24. Qd5 Qd7 25. g4 h5 26. f3 g6 27. Ng3 Bg7 28. Rc2 hxg4 29. hxg4 Qe7 30. Kg2 Qf6 31. Re2 Qf4 32.
Qe4 Qxe4 33. Nxe4 Rd8 34. Rd2 f5 35. gxf5 gxf5 36. Nxc5 Nxc4 37. bxc4 Bxb2 38. Nb7 Bc3 39. Rd5 Re8 40. Nxd6 Re2+ 41. Kg3 Rxa2 42. c5 b3 43. c6 Rc2 44. Nxf5 b2 45. Rd1 Rc1 46. c7 Be5+ 47.
f4 Bxc7 48. Rd7 b1=Q 49. Nh6+ Kf8 50. Rf7+ Ke8 51. Kg4 Qg6+ 0-1